 Dungeon Crawl Stone Soup version 0.29-a0-1023-g6ae1a4a2c7 (webtiles) character file.

Game seed: 17800500651675059638

83 KleinerIrrer the Insei (level 4, -3/31 HPs)
             Began as an Octopode Monk on Aug 11, 2022.
             Was a Priest of Qazlal.
             Constricted to death by Natasha (6 damage)
             ... on level 2 of the Dungeon.
             The game lasted 00:02:58 (1911 turns).

KleinerIrrer the Insei (Octopode Monk)              Turns: 1911, Time: 00:02:59

Health: -3/31      AC:  1    Str: 10    XL:     4   Next: 44%
Magic:  1/4        EV: 11    Int: 14    God:    Qazlal [***...]
Gold:   55         SH:  4    Dex: 14    Spells: 3/3 levels left

rFire   . . .      SeeInvis .     - Unarmed
rCold   . . .      Faith    .   (no shield)
rNeg    . . .      Spirit   .   (helmet restricted)
rPois   .          Reflect  .   (no amulet)
rElec   .          Harm     .   (no ring)
rCorr   .          Rampage  .   (no ring)
Will    .....                   (no ring)
Stlth   ++........              (no ring)
HPRegen 0.10/turn               (no ring)
MPRegen 0.09/turn               (no ring)
                                (no ring)
                                (no ring)

@: grasped by roots, constricted
A: almost no armour, amphibious, 8 rings, camouflage 1, gelatinous body 1,
(nimble swimmer 1), tentacles
a: Renounce Religion, Upheaval, Elemental Force


You were on level 2 of the Dungeon.
You worshipped Qazlal.
Qazlal was most pleased with you.
You visited 1 branch of the dungeon, and saw 2 of its levels.

You collected 55 gold pieces.

Inventory:

Missiles
 b - 4 poisoned darts (quivered)
Wands
 i - a wand of acid (12)
Scrolls
 d - 3 scrolls of identify {unknown}
 e - 2 scrolls of vulnerability {unknown}
 g - a scroll of enchant armour {unknown}
 h - a scroll of teleportation {unknown}
Potions
 a - a potion of ambrosia
 c - 2 potions of invisibility {unknown}
 f - 3 potions of heal wounds {unknown}


   Skills:
 - Level 3.0 Fighting
 - Level 3.0 Dodging
 - Level 2.6 Stealth
 + Level 0.6 Shields
 + Level 5.0 Unarmed Combat


You had 3 spell levels left.
You didn't know any spells.
Your spell library contained the following spells:

 Spells                   Type           Power      Damage    Failure   Level
 Gell's Gravitas          Tloc           0%         N/A       65%         3
 Teleport Other           Tloc           0%         N/A       65%         3
 Dispersal                Tloc           0%         N/A       100%        6


Dungeon Overview and Level Annotations

Branches:
Dungeon (2/15)

Altars:
Qazlal

Annotations:
D:2 Natasha


Innate Abilities, Weirdness & Mutations

You cannot wear most types of armour.
You are amphibious.
You can wear up to eight rings at the same time.
Your skin changes colour to match your surroundings (Stealth+).
Your rubbery body absorbs attacks. (AC +1, EV +1)
((You are camouflaged when in or above water. (Stealth+)))
You have tentacles for arms and can constrict up to eight enemies at once.


Message History

The adder is moderately wounded.
You constrict the adder. You block the adder's attack.
You tentacle-slap the adder.
The adder is heavily wounded.
You constrict the adder. The adder completely misses you.
You tentacle-slap the adder.
You kill the adder!
Qazlal accepts your kill.
Your Unarmed Combat skill increases to level 5!
No target in view!
You open the door.
Found an escape hatch in the floor.
There is an open door here.
There is an escape hatch in the floor here.
You open the door.
There is an open door here.
There is an open door here.
Natasha, Servant of Life and Death comes into view.
She is carrying a wand of roots (7).
Natasha hisses angrily.
Natasha casts a spell.
Natasha is nearby!
Natasha stares at you and mumbles some strange words.
The magic dart hits you!
Natasha zaps a wand.
The roots erupt in riotous growth!
The grasping roots grab you! The grasping roots constrict you!
Aiming: Upheaval
Press: ? - help, Dir - move target, f - Natasha
Aim: Natasha, carrying a wand of roots (6)
The ground shakes violently, spewing rubble!
The blast of rubble hits Natasha.
Natasha is lightly wounded.
The grasping roots constrict you.
You closely miss Natasha. Your grab misses Natasha.
Natasha is lightly wounded.
Natasha stares at you and mumbles some strange words.
The magic dart hits you!
* * * LOW HITPOINT WARNING * * *
The grasping roots constrict you.
You die...

....#.#######.########.#
#####.#................#
....#.#.######.#######.# ###.#.#
#.# #.# ......# #.#######.#
###.....# #.5#....#.# #######
##.#....#.#
###############.h○...#.#
..............##@°...#.#
#############.##.....#.# ..#
#..........#
..###############.####.##########
..'.#............................
..#.#.############.###.##########
###.#.##...#######.).............
#...#.##...'.......#.......######
..#.#.##...#######...#.......# #


You could see Natasha and a white imp (summoned).

Vanquished Creatures
  Natasha (D:2)
  2 adders (D:2)
  6 dart slugs
  2 endoplasms (D:2)
  4 hobgoblins
  A kobold (D:1)
  A quokka (D:2)
  6 ball pythons
  3 bats
  A frilled lizard (D:1)
  2 goblins
  2 rats (D:1)
31 creatures vanquished.

Notes
Turn   | Place    | Note
-------+----------+-------------------------------------------
     0 | D:1      | KleinerIrrer the Octopode Monk began the quest for the Orb.
     0 | D:1      | Reached XP level 1. HP: 16/16 MP: 1/1
    79 | D:1      | Reached XP level 2. HP: 20/21 MP: 2/2
   173 | D:1      | Found a faded altar of an unknown god.
   182 | D:1      | Prayed at the altar of an unknown god.
   182 | D:1      | Became a worshipper of Qazlal Stormbringer
   182 | D:1      | Reached * piety under Qazlal
   182 | D:1      | Reached ** piety under Qazlal
   310 | D:1      | Reached *** piety under Qazlal
   397 | D:1      | Reached skill level 4 in Unarmed Combat
   550 | D:2      | Reached XP level 3. HP: 19/26 MP: 3/3
   937 | D:2      | Noticed Natasha
   943 | D:2      | Killed Natasha
  1112 | D:2      | Reached XP level 4. HP: 18/31 MP: 4/4
  1797 | D:2      | Reached skill level 5 in Unarmed Combat
  1906 | D:2      | Noticed Natasha
  1911 | D:2      | Constricted to death by Natasha

Illustrated notes

Levels and vault maps discovered:
D:1:      dpeg_arrival_connections, layout_rooms,
          ebering_ecumenical_altar_petrified, corexii_corridor_pit
D:2:      layout_basic, uniq_natasha

Skill      XL: |  1  2  3  4 |
---------------+-------------+-----
Unarmed Combat | 4 5 |  5.0
Fighting       | |  3.0
Dodging        | |  3.0
Stealth        | |  2.6
Shields        | |  0.6

Action                   |  1- 3 |  4- 6 || total
-------------------------+-------+-------++-------
Melee: Unarmed           |    63 |    17 ||    80
       Constrict         |    21 |     6 ||    27
       Tentacles         |    12 |     3 ||    15
       Punch             |     1 |     1 ||     2
Invok: Upheaval          |       |     1 ||     1
 Stab: Sleeping          |     2 |       ||     2
Armor: Skin              |     7 |     1 ||     8
Dodge: Dodged            |    40 |     8 ||    48
Block: Other             |    10 |     3 ||    13

Table legend: (Time is in decaauts)
 A = Elapsed time spent in this place.
 B = Non-inter-level travel time spent in this place.
 C = Inter-level travel time spent in this place.
 D = Time resting spent in this place.
 E = Time spent auto-exploring this place.
 F = Levels seen in this place.
 G = Mean time per level.
                   A        B        C        D        E       F      G
               +--------+--------+--------+--------+--------+-----+--------+
         Total |   1905 |   1882 |     23 |     10 |   1634 |   2 |  952.5 |
       Dungeon |   1905 |   1882 |     23 |     10 |   1634 |   2 |  952.5 |
               +--------+--------+--------+--------+--------+-----+--------+

Top non-repeatable levels by time:
     D:2: 1365 daAuts
     D:1: 539 daAuts
